 Dungeon Crawl Stone Soup version 0.30.0-11-gf55b779eaf (webtiles) character file.

Game seed: 9796423919168882643

2583 monsoonserge the Firebug (level 9, -3/53 HPs)
             Began as a Gargoyle Cinder Acolyte on May 16, 2023.
             Was a High Priest of Ignis.
             Slain by a wight
             ... wielding a +1 dire flail of protection
              (11 damage)
             ... on level 6 of the Dungeon on May 17, 2023.
             The game lasted 00:21:35 (5871 turns).

monsoonserge the Firebug (Gargoyle Cinder Acolyte)  Turns: 5871, Time: 00:21:37

Health: -3/53      AC: 26    Str: 23    XL:     9   Next: 58%
Magic:  4/10       EV:  9    Int: 20    God:    Ignis [*****.]
Gold:   370        SH:  0    Dex:  5    Spells: 8/10 levels left

rFire   + . .        a - -1 mace (flame)
rCold   + . .        (no shield)
rNeg    + . .        t - +0 chain mail
rPois   ∞            (no helmet)
rElec   +            x - +0 cloak
rCorr   .            (no gloves)
SInv    .            B - +0 pair of boots
Will    .....        q - amulet of the acrobat Stlth
                     h - +6 ring of intelligence
HPRegen 0.28/turn    C - ring of protection from cold
MPRegen 0.12/turn

%: acrobat
@: mighty, fiery-armoured
A: sickness immunity, AC +6, negative energy resistance 1, electricity
resistance, torment resistance 1, petrification resistance
a: Renounce Religion, Fiery Armour, Foxfire Swarm, Rising Flame


You were on level 6 of the Dungeon.
You worshipped Ignis.
Ignis was extremely pleased with you.
You visited 2 branches of the dungeon, and saw 7 of its levels.

You collected 370 gold pieces.

Inventory:

Hand Weapons
 a - a -1 mace of flaming (weapon)
Missiles
 i - 4 boomerangs (quivered)
 l - 17 poisoned darts
 u - 3 datura-tipped darts
Armour
 c - a +0 ring mail
 t - a +0 chain mail (worn)
 v - a +0 scale mail
 x - a +0 cloak (worn)
 B - a +0 pair of boots (worn)
 G - a +0 plate armour
Magical Staves
 w - a staff of poison
 J - a staff of conjuration
Jewellery
 h - a +6 ring of intelligence (left hand)
 q - an amulet of the acrobat (around neck)
 y - a ring of protection from fire
 C - a ring of protection from cold (right hand)
Wands
 z - a wand of quicksilver (14)
 H - a wand of flame (6)
Scrolls
 b - 4 scrolls of brand weapon {unknown}
 e - 7 scrolls of identify {unknown}
 f - 4 scrolls of teleportation {unknown}
 j - a scroll of silence {unknown}
 k - a scroll of amnesia {unknown}
 m - a scroll of enchant armour {unknown}
 n - a scroll of enchant weapon {unknown}
 r - a scroll of magic mapping {unknown}
 D - a scroll of vulnerability {unknown}
 E - a scroll of noise {unknown}
 F - a scroll of fog {unknown}
 I - a scroll of blinking {unknown}
Potions
 d - a potion of ambrosia {unknown}
 g - 4 potions of curing
 o - a potion of brilliance {unknown}
 p - a potion of flight {unknown}
 s - 2 potions of might
 A - 2 potions of haste {unknown}


   Skills:
 + Level 4.9 Fighting
 + Level 6.4 Maces & Flails
 + Level 1.2 Throwing
 * Level 7.5 Armour
 + Level 3.0 Dodging
 + Level 1.2 Stealth
 - Level 1.0 Spellcasting
 + Level 7.6 Fire Magic
 * Level 0.3 Evocations


You had 8 spell levels left.
You knew the following spells:

 Your Spells              Type           Power      Damage    Failure   Level
a - Scorch                Fire           62%        2d8       6%          2

Your spell library contained the following spells:

 Spells                   Type           Power      Damage    Failure   Level
 Cause Fear               Hex            0%         N/A       100%        4
 Dragon Form              Tmut           0%         N/A       100%        7
 Dragon's Call            Summ           0%         N/A       100%        9


Dungeon Overview and Level Annotations

Branches:
Dungeon (6/15)             Temple (1/1) D:5

Altars:
Dithmenos
Elyvilon
Fedhas
Hepliaklqana
Kikubaaqudgha
Makhleb
Nemelex Xobeh
Okawaru
Ru
Sif Muna
Trog
Uskayaw
Vehumet
Wu Jian
Yredelemnul
Zin
The Shining One


Innate Abilities, Weirdness & Mutations

You are immune to sickness and miasma.
Your stone body is resilient. (AC +6)
You are immune to poison.
You resist negative energy. (rN+)
You are resistant to electric shocks. (rElec)
You are resistant to unholy torment.
You are immune to petrification.


Message History

The wight is burned by your cloak of flames.
The wight is moderately damaged.
The wight completely misses you. The adder barely misses you.
You hit the wight. You burn the wight. You punch the wight, but do no damage.
The wight is almost destroyed.
The wight hits you with a +3 long sword!
The wight is burned by your cloak of flames.
The wight is moderately damaged.
The wight closely misses you. The adder closely misses you.
Unknown command.
You hit the wight but do no damage.
The wight is almost destroyed.
The adder bites you but does no damage.
The adder is burned by your cloak of flames.
The adder is heavily wounded.
The wight hits you but does no damage.
The wight hits you with a +1 dire flail of protection.
You hit the wight but do no damage.
The wight is almost destroyed.
The adder bites you but does no damage.
The adder is burned by your cloak of flames.
You kill the adder!
The wight hits you but does no damage.
The wight is burned by your cloak of flames.
The wight is moderately damaged.
The wight barely misses you.
You hit the wight but do no damage.
The wight is almost destroyed.
The wight closely misses you. x2
The wight hits you with a +3 long sword!
* * * LOW HITPOINT WARNING * * *
The wight is burned by your cloak of flames.
The wight is moderately damaged.
It was a potion of might.
You feel very mighty all of a sudden. The wight hits you but does no damage.
The wight is burned by your cloak of flames.
The wight is heavily damaged.
The wight hits you with a +1 dire flail of protection!
You die...

##.## #.....## ##.######
#....#.## #......###
#...###.##
##..###..####..## ##.##
#### ##..##...# ##.##
##......# ##.# .
##.....## ###..
....#####.......####....
#....)z@.........#..####
##....zz..........### ##
#.^...#######.....# ##.
#>...# ##...## ##..
.###. #....###..# #
#........##
..)........##
#.....##...# ######
###..#


You could see 3 wights.

Vanquished Creatures
  Grinder (D:6)
  Prince Ribbit (D:5)
  Sigmund (D:5)
  4 yaks (D:6)
  A water moccasin (D:3)
  An ice beast (D:6)
  Duvessa (D:6)
  A black bear (D:4)
  An ogre (D:5)
  A centaur (D:6)
  A phantom (D:2)
  A kobold brigand (D:5)
  A scorpion (D:6)
  Dowan (D:6)
  A wight (D:6)
  A howler monkey (D:4)
  2 jellies
  4 orc priests
  A hound (D:5)
  An iguana (D:6)
  4 orc wizards
  3 gnolls (D:2)
  9 adders
  A shadow imp (D:6)
  A white imp (D:6)
  4 dart slugs
  19 orcs
  5 endoplasms
  5 giant cockroaches
  12 hobgoblins
  5 jackals
  8 ball pythons
  4 bats
  3 frilled lizards
  7 goblins
  9 kobolds
  3 rats
129 creatures vanquished.

Vanquished Creatures (others)
  An iguana (D:4)
1 creature vanquished.

Grand Total: 130 creatures vanquished

Notes
Turn   | Place    | Note
-------+----------+-------------------------------------------
     0 | D:1      | monsoonserge the Gargoyle Cinder Acolyte began the quest
                  | for the Orb.
     0 | D:1      | Reached XP level 1. HP: 14/14 MP: 2/2
   178 | D:1      | Reached XP level 2. HP: 19/19 MP: 3/3
   181 | D:1      | Learned a level 2 spell: Scorch
   420 | D:1      | Reached skill level 1 in Armour
   872 | D:2      | Reached XP level 3. HP: 24/24 MP: 4/4
   982 | D:2      | Noticed a phantom
   994 | D:2      | Killed a phantom
   995 | D:2      | Reached skill level 1 in Dodging
   995 | D:2      | Reached XP level 4. HP: 25/29 MP: 0/5
   995 | D:2      | Reached XP level 5. HP: 28/33 MP: 0/6
  1587 | D:2      | Found a white marble altar of Elyvilon.
  1878 | D:3      | Noticed a water moccasin
  1884 | D:3      | Killed a water moccasin
  1885 | D:3      | Reached XP level 6. HP: 30/38 MP: 0/7
  2437 | D:3      | Found a burning altar of Makhleb.
  2895 | D:4      | Noticed a black bear
  2899 | D:4      | Killed a black bear
  2900 | D:4      | Reached XP level 7. HP: 39/43 MP: 3/8
  3557 | D:5      | Entered Level 5 of the Dungeon
  3615 | D:5      | Reached skill level 5 in Fire Magic
  3713 | D:5      | Noticed Sigmund
  3729 | D:5      | Killed Sigmund
  3730 | D:5      | Reached skill level 5 in Maces & Flails
  3730 | D:5      | Reached skill level 5 in Armour
  3730 | D:5      | Reached XP level 8. HP: 42/48 MP: 3/9
  3935 | D:5      | Found a bloodstained altar of Trog.
  4077 | D:5      | Found a staircase to the Ecumenical Temple.
  4093 | Temple   | Entered the Ecumenical Temple
  4456 | D:6      | Noticed Prince Ribbit
  4479 | D:5      | Killed Prince Ribbit
  4642 | D:6      | Noticed Dowan
  4708 | D:6      | Noticed Duvessa
  4729 | D:6      | Killed Duvessa
  4730 | D:6      | Reached skill level 1 in Stealth
  4840 | D:6      | Killed Dowan
  4841 | D:6      | Reached skill level 1 in Throwing
  5050 | D:6      | Found a sacrificial altar of Ru.
  5109 | D:6      | Reached XP level 9. HP: 52/52 MP: 5/10
  5179 | D:6      | Noticed Grinder
  5396 | D:6      | Paralysed by Grinder for 4 turns
  5402 | D:6      | Paralysed by Grinder for 5 turns
  5413 | D:6      | Killed Grinder
  5488 | D:6      | Identified the +5 long sword of Scorn {flame, Contam +Blink
                  | Str+6}
  5871 | D:6      | Slain by a wight

Illustrated notes

Levels and vault maps discovered:
D:1:      dpeg_arrival_simpleton_a, layout_basic
D:2:      layout_loops_ring, basic_altar
D:3:      layout_rooms, bloody_makhleb, guppyfry_early_orc_mine
D:4:      layout_loops_ring
D:5:      layout_loops_ring, mainiacjoe_overflow_catwalk,
          minmay_temple_entry_grid, minmay_statues_item,
          corexii_leaking_fountain, uniq_sigmund
D:6:      layout_layer_cave, cheibriados_altar_1, marbit_many_paths,
          nicolae_ru_the_path_less_chosen, minmay_door_square,
          uniq_prince_ribbit1, uniq_grinder, uniq_duvessa, uniq_maggie,
          uniq_crazy_yiuf_cottage
Temple:   nicolae_temple_two_arcs

Skill      XL: |  1  2  3  4  5  6  7  8  9 |
---------------+----------------------------+-----
Armour         | 1 3 4 5 6 7 |  7.5
Dodging        | 1 2 3 |  3.0
Fighting       | 4 |  4.9
Maces & Flails | 4 5 6 |  6.4
Fire Magic     | 4 5 6 7 |  7.6
Stealth        | 1 |  1.2
Throwing       | 1 |  1.2
Spellcasting   | |  1.0
Evocations     | |  0.3

Action                     |  1- 3 |  4- 6 |  7- 9 || total
---------------------------+-------+-------+-------++-------
  Melee: Mace              |    95 |    98 |   209 ||   402
         Punch             |       |       |     2 ||     2
  Throw: Boomerang         |     1 |       |     4 ||     5
         Dart              |       |       |     9 ||     9
   Cast: Scorch            |     5 |    35 |    66 ||   106
 Invoke: Fiery Armour      |       |       |     2 ||     2
    Use: Potion            |       |       |     1 ||     1
 Armour: Ring mail         |    59 |    17 |    89 ||   165
         Leather armour    |     4 |    30 |       ||    34
         Chain mail        |       |       |    57 ||    57
         Scale mail        |       |       |     2 ||     2
  Dodge: Dodged            |    54 |    79 |   147 ||   280
